 Dungeon Crawl Stone Soup version 0.28-a0-265-g048bc9fd10 (webtiles) character file.

Game seed: 6669422307511505467

289512 theanonym the Severer (level 19, -45/194 HPs)
             Began as a Deep Dwarf Monk on Aug 28, 2021.
             Was the Champion of Makhleb.
             Killed from afar by a deep elf annihilator (48 damage)
             ... with an iron shot
             ... on level 3 of the Elven Halls.
             The game lasted 01:10:55 (30692 turns).

theanonym the Severer (Deep Dwarf Monk)            Turns: 30692, Time: 01:10:55

Health: -45/194    AC: 29    Str: 32    XL:     19   Next: 91%
Magic:  15/15      EV: 14    Int: 14    God:    Makhleb [******]
Gold:   1761       SH:  5    Dex: 15    Spells: 25/37 levels left

rFire   + + +      SeeInvis .   a - +8 executioner's axe (drain)
rCold   + . .      Faith    .   (shield currently unavailable)
rNeg    + . .      Spirit   .   J - +1 plate armour of Shadows and Fog {-Cast rPois rF+++ Will+}
rPois   +          Reflect  +   n - +2 helmet {Int+3}
rElec   .          Harm     .   x - +1 cloak
rCorr   .          Rampage  +   V - +2 pair of gloves {Str+3}
Will    +++..      NoCast   +   k - +2 pair of boots {rampage}
Stlth   ..........              K - amulet of reflection
HPRegen 0.00/turn               W - +6 ring of strength
MPRegen 0.14/turn               g - ring of protection from cold

@: lethally poisoned (-45 -> -45), corroded
A: damage resistance, heal wounds, negative energy resistance 1, sense
surroundings 3, no regeneration
}: 2/15 runes: decaying, serpentine
a: Heal Wounds, Renounce Religion, Minor Destruction, Lesser Servant of Makhleb,
Major Destruction, Greater Servant of Makhleb


Innate Abilities, Weirdness & Mutations

You are resistant to damage.
You can heal yourself by infusing magical energy.
You resist negative energy. (rN+)
You passively map a large area around you.
You do not regenerate.


   Skills:
 + Level 17.7 Fighting
 * Level 20.2 Axes
 - Level 18.0 Armour
 + Level 12.5 Dodging
 - Level 2.4 Stealth
 - Level 9.8 Spellcasting
 + Level 9.7 Invocations


You had 25 spell levels left.
You knew the following spells:

 Your Spells              Type           Power      Damage    Failure   Level
a - Dispel Undead         Necr           6%         3d8       99%         4
k - Necromutation         Tmut/Necr      3%         N/A       100%        8

Your spell library contained the following spells:

 Spells                   Type           Power      Damage    Failure   Level
 Foxfire                  Conj/Fire      24%        2x1d5     41%         1
 Magic Dart               Conj           24%        1d4       41%         1
 Pain                     Necr           24%        1d5       41%         1
 Sting                    Tmut/Pois      24%        1d4       41%         1
 Call Imp                 Summ           6%         N/A       56%         2
 Corpse Rot               Necr/Air       N/A        N/A       56%         2
 Poisonous Vapours        Pois/Air       12%        N/A       56%         2
 Sublimation of Blood     Necr           3%         N/A       56%         2
 Conjure Flame            Conj/Fire      6%         6-21      80%         3
 Frozen Ramparts          Ice            12%        1d3       80%         3
 Ignite Poison            Fire/Tmut/Pois 6%         N/A       80%         3
 Inner Flame              Hex/Fire       6%         N/A       80%         3
 Mephitic Cloud           Conj/Pois/Air  6%         N/A       80%         3
 Summon Guardian Golem    Hex/Summ       6%         N/A       80%         3
 Animate Armour           Summ/Erth      12%        N/A       99%         4
 Hailstorm                Conj/Ice       6%         3d4       99%         4
 Ice Form                 Ice/Tmut       6%         N/A       99%         4
 Leda's Liquefaction      Hex/Erth       3%         N/A       99%         4
 Olgreb's Toxic Radiance  Pois           6%         N/A       99%         4
 Petrify                  Tmut/Erth      6%         N/A       99%         4
 Sticky Flame             Conj/Fire      6%         2d3       99%         4
 Summon Ice Beast         Ice/Summ       6%         N/A       99%         4
 Agony                    Necr           6%         N/A       100%        5
 Blade Hands              Tmut           3%         N/A       100%        5
 Bolt of Magma            Conj/Fire/Erth 3%         4d5       100%        5
 Excruciating Wounds      Necr           3%         N/A       100%        5
 Fireball                 Conj/Fire      3%         3d4       100%        5
 Irradiate                Conj/Tmut      3%         3d15      100%        5
 Iskenderun's Battlesphe  Conj           6%         2d6       100%        5
 Conjure Ball Lightning   Conj/Air       3%         3x3d6     100%        6
 Death Channel            Necr           3%         N/A       100%        6
 Iron Shot                Conj/Erth      3%         9d2       100%        6
 Simulacrum               Ice/Necr       3%         N/A       100%        6
 Starburst                Conj/Fire      3%         6d3       100%        6
 Statue Form              Tmut/Erth      4%         N/A       100%        6
 Orb of Destruction       Conj           3%         9d1       100%        7
 Spellforged Servitor     Conj/Summ      3%         N/A       100%        7
 Borgnjor's Revivificati  Necr           3%         N/A       100%        8
 Ignition                 Fire           3%         3d4       100%        8
 Death's Door             Necr           3%         N/A       100%        9

Skill      XL: |  1  2  3  4  5  6  7  8  9 10 11 12 13 14 15 16 17 18 19 |
---------------+----------------------------------------------------------+-----
Armour         | 1 2 3 4 6 7 9 10 11 13 14 15 17 18 | 18.0
Fighting       | 3 4 5 6 7 8 9 10 11 12 13 14 15 16 17 | 17.7
Axes           | 4 5 6 8 9 11 13 14 16 17 19 20 | 20.2
Dodging        | 4 5 7 10 12 | 12.5
Spellcasting   | 5 8 9 |  9.8
Invocations    | 4 9 |  9.7
Stealth        | |  2.4

Action                   |  1- 3 |  4- 6 |  7- 9 | 10-12 | 13-15 | 16-18 | 19-21 || total
-------------------------+-------+-------+-------+-------+-------+-------+-------++-------
Melee: Hand axe          |    64 |   114 |       |       |       |       |       ||   178
       Battleaxe         |       |    75 |   291 |   405 |   839 |  1142 |   362 ||  3114
       Executioner's axe |       |       |       |       |       |       |    66 ||    66
 Abil: Heal Wounds       |     1 |     1 |     7 |     5 |     6 |    33 |     8 ||    61
Evoke: Wand              |       |       |     1 |     3 |    13 |     2 |       ||    19
       Phantom mirror    |       |       |       |       |       |     1 |       ||     1
  Use: Potion            |       |     2 |     6 |     8 |     6 |     4 |     7 ||    33
       Scroll            |       |     8 |     8 |     9 |    13 |     7 |     8 ||    53
 Stab: Invisible         |       |       |    13 |    32 |     1 |    10 |       ||    56
Armor: Scale mail        |    26 |    87 |   112 |       |       |       |       ||   225
       Plate armour      |       |       |    54 |   296 |   600 |   691 |   198 ||  1839
Dodge: Dodged            |    54 |   103 |   183 |   171 |   314 |   479 |   138 ||  1442
Block: Other             |       |       |       |       |   135 |   232 |    49 ||   416
       Reflection        |       |       |       |       |     9 |    21 |    14 ||    44

Inventory:

Hand Weapons
 a - a +8 executioner's axe of draining (weapon)
Armour
 k - a +2 pair of boots of rampaging (worn)
 n - a +2 helmet of intelligence (worn)
 p - a scarf of resistance
 x - a +1 cloak (worn)
 J - the +1 plate armour of Shadows and Fog (worn) {-Cast rPois rF+++ Will+} rF: It renders you almost immune to fire. rPois: It protects you from poison. -Cast: It prevents spellcasting. Will: It increases your willpower.
 Q - the +4 pair of boots of Refuge {Rampage Fly rC- Int+5}

   Int:       It affects your intelligence (+5).
   rC:        It makes you vulnerable to cold.
   Fly:       It grants you flight.
   Rampage:   It bestows one free step when moving towards enemies.
 V - a +2 pair of gloves of strength (worn)
Jewellery
 b - a +4 ring of protection
 g - a ring of protection from cold (right hand)
 i - a ring of willpower
 A - a ring of see invisible
 G - a ring of protection from fire
 I - a +6 ring of strength
 K - an amulet of reflection (around neck)
 M - a ring of resist corrosion
 T - the ring "Tisuohecre" {Fly rF- rN+++ SInv Stlth-}

   [ring of flight]

   rF:        It makes you vulnerable to fire.
   rN:        It renders you almost immune to negative energy.
   SInv:      It lets you see invisible.
   Fly:       It grants you flight.
   Stlth:     It makes you less stealthy.
 W - a +6 ring of strength (left hand)
Wands
 d - a wand of digging (11)
 u - a wand of charming (8)
 v - a wand of acid (4)
 C - a wand of mindburst (20)
 E - a wand of iceblast (9)
 F - a wand of flame (29)
 H - a wand of polymorph (19)
Scrolls
 e - a scroll of holy word
 f - 4 scrolls of fog
 o - a scroll of fear
 r - 22 scrolls of identify
 t - 24 scrolls of teleportation
 y - 4 scrolls of magic mapping
 B - 13 scrolls of blinking
 O - 4 scrolls of immolation
 R - 5 scrolls of enchant armour
 U - a scroll of silence
Potions
 h - a potion of haste
 j - 3 potions of mutation
 l - 5 potions of lignification
 m - a potion of might
 q - 6 potions of heal wounds
 s - a potion of resistance
 w - 20 potions of curing
 z - 6 potions of flight
 D - 6 potions of berserk rage
 L - 6 potions of cancellation
 N - a potion of attraction
 X - 2 potions of ambrosia
Miscellaneous
 P - a phantom mirror
 Y - a condenser vane


You were on level 3 of the Elven Halls.
You worshipped Makhleb.
Makhleb was exalted by your worship.
You visited 7 branches of the dungeon, and saw 35 of its levels.
You also visited: Sewer and Gauntlet.

You collected 6963 gold pieces.
You spent 5202 gold pieces at shops.

Dungeon Overview and Level Annotations

Branches:
Dungeon (15/15)            Temple (1/1) D:5            Lair (6/6) D:8
  Swamp (4/4) Lair:3        Snake (4/4) Lair:2        Slime (0/5) Lair:5
    Orc (2/2) D:9             Elf (3/3) Orc:2        Vaults (0/5) D:13
 Depths (0/5) D:15          Sewer (visited)         Gauntlet (visited)

Altars:
Ashenzari
Cheibriados
Dithmenos
Elyvilon
Fedhas
Gozag
Hepliaklqana
Kikubaaqudgha
Makhleb
Nemelex Xobeh
Okawaru
Qazlal
Ru
Sif Muna
Trog
Uskayaw
Vehumet
Wu Jian
Xom
Yredelemnul
Zin
The Shining One
Beogh
Jiyva

Shops:
D:4 =*[((   D:6 [   D:9 *   D:10 *   D:13 [(**   Orc:1 ?[(((   Orc:2 =*[(
Snake:3 *((*

Portals:
Trove: D:11 (give +6 demon trident)

Annotations:
D:14 2 transporters, Totusom's ghost, journeyman MiFi

.# * ## #..### ...*
..#*###....# ....
#..##......## .....
,#..#.#..)).## ....# ,
#...#..)...# .....
#.##......e.#
......###. *##.......#
.......#.*,##)..e....#
.....#..#*.#....@#..##
........##..#.#.))..#
.######....##.#.#....#
## #.......##.#......#
#.......#....##...#
##.......#.#.#.....#*
#........#..#.....#.#
#........#.#E......##
###........#.......E.#


You could see 2 deep elf annihilators.

Notes
Turn   | Place    | Note
-------+----------+-------------------------------------------
     0 | D:1      | theanonym the Deep Dwarf Monk began the quest for the Orb.
     0 | D:1      | Reached XP level 1. HP: 20/20 MP: 1/1
    95 | D:1      | Reached XP level 2. HP: 24/27 MP: 2/2
   356 | D:1      | Reached skill level 1 in Armour
   454 | D:2      | Noticed Jessica
   462 | D:2      | Reached skill level 3 in Fighting
   462 | D:2      | Reached skill level 4 in Axes
   464 | D:2      | Killed Jessica
   465 | D:2      | Reached XP level 3. HP: 19/34 MP: 3/3
   682 | D:2      | Reached XP level 4. HP: 42/42 MP: 4/4
   710 | D:2      | Noticed Robin
   723 | D:2      | Reached skill level 2 in Armour
   731 | D:2      | Killed Robin
   875 | D:2      | Reached skill level 5 in Axes
  1060 | D:2      | Reached XP level 5. HP: 36/49 MP: 5/5
  1622 | D:3      | Found a faded altar of an unknown god.
  1771 | D:4      | Found Woreatuc's Antique Weapon Boutique.
  1809 | D:4      | Found an opulent altar of Gozag.
  1863 | D:4      | Bought a battleaxe for 149 gold pieces
  1900 | D:4      | HP: 24/49 [ufetubus (1)]
  1932 | D:4      | Found Peiqu's General Store.
  1950 | D:4      | Found Uczody's Armour Emporium.
  2051 | D:4      | Reached skill level 3 in Armour
  2051 | D:4      | Reached XP level 6. HP: 26/57 MP: 6/6
  2065 | D:4      | Reached skill level 6 in Axes
  2110 | D:4      | HP: 25/57 [scorpion (1)]
  2113 | D:4      | Reached skill level 4 in Fighting
  2168 | D:4      | HP: 23/55 [necrophage (2)]
  2176 | D:4      | Found a glowing drain.
  2194 | D:4      | HP: 19/57 [worm (4)]
  2212 | Sewer    | Entered a sewer
  2328 | Sewer    | Reached XP level 7. HP: 41/64 MP: 6/6
  2519 | Sewer    | Reached skill level 7 in Axes
  2519 | Sewer    | Reached skill level 4 in Armour
  2607 | D:4      | Found a transporter.
  2609 | D:4      | Found Bikus's Antique Weapon Shop.
  2614 | D:4      | Noticed PeterLawrence's ghost (amateur MiFi)
  2628 | D:4      | Found a glowing silver altar of Zin.
  2647 | D:4      | Found a transporter.
  2866 | D:4      | Found Kiuc's Jewellery Boutique.
  3082 | D:5      | Entered Level 5 of the Dungeon
  3120 | D:5      | HP: 31/66 [iguana (9)]
  3126 | D:5      | HP: 20/66 [gnoll (2)]
  3127 | D:5      | HP: 7/66 [gnoll (5)]
  3371 | D:5      | Reached skill level 5 in Fighting
  3371 | D:5      | Reached skill level 8 in Axes
  3371 | D:5      | Reached XP level 8. HP: 44/74 MP: 7/7
  3445 | D:5      | Found a staircase to the Ecumenical Temple.
  3451 | Temple   | Entered the Ecumenical Temple
  3633 | D:5      | Reached skill level 5 in Armour
  3702 | D:5      | Found a staircase to the Ecumenical Temple.
  4102 | D:6      | HP: 37/74 [centaur/arrow (1)]
  4118 | D:6      | HP: 29/74 [centaur/arrow (8)]
  4151 | D:6      | HP: 24/75 [electric eel/bolt of electricity (5)]
  4188 | D:6      | Found Pudicuje's Antique Armour Boutique.
  4230 | D:6      | HP: 22/75 [howler monkey (2)]
  4237 | D:6      | Reached skill level 9 in Axes
  4292 | D:6      | HP: 34/76 [electric eel/bolt of electricity (5)]
  4302 | D:6      | HP: 30/76 [sky beast (4)]
  4309 | D:6      | HP: 27/76 [sky beast (3)]
  4314 | D:6      | HP: 26/76 [something (1)]
  4335 | D:6      | HP: 21/76 [orc (1)]
  4341 | D:6      | Found a sparkling altar of Nemelex Xobeh.
  4341 | D:6      | Found a sacrificial altar of Ru.
  4348 | D:6      | Found a basalt altar of Yredelemnul.
  4493 | D:6      | HP: 36/76 [wight (3)]
  4496 | D:6      | Reached skill level 6 in Armour
  4502 | D:6      | HP: 32/76 [wight (4)]
  4518 | D:6      | Reached skill level 6 in Fighting
  4549 | D:6      | Found a runed translucent door.
  4665 | D:6      | Gained mutation: You passively map the area around you.
                  | [Deep Dwarf growth]
  4665 | D:6      | Reached XP level 9. HP: 55/82 MP: 8/8
  4665 | D:6      | HP: 39/82 [something/magic dart (3)]
  4718 | D:6      | Found a hide-covered altar of Uskayaw.
  4749 | D:6      | Found a burning altar of Makhleb.
  4793 | D:6      | Found an ornate altar of the Wu Jian Council.
  4942 | D:6      | Became a worshipper of Makhleb the Destroyer
  4942 | D:6      | Reached * piety under Makhleb
  4942 | D:6      | Reached ** piety under Makhleb
  5020 | D:6      | HP: 32/82 [shadow (7)]
  5022 | D:6      | Reached skill level 10 in Axes
  5032 | D:6      | HP: 25/82 [electric eel/bolt of electricity (7)]
  5049 | D:6      | HP: 32/82 [wraith (7)]
  5123 | D:6      | Noticed anonymous's ghost (amateur NaFi)
  5502 | D:6      | Killed anonymous's ghost
  5791 | D:7      | Reached skill level 7 in Armour
  5847 | D:7      | HP: 38/85 [orc priest/nerve-wracking pain (13)]
  5875 | D:7      | HP: 30/85 [yak (9)]
  5883 | D:7      | Reached skill level 11 in Axes
  5898 | D:7      | Reached skill level 7 in Fighting
  5923 | D:7      | Found a white marble altar of Elyvilon.
  6141 | D:7      | Found a radiant altar of Vehumet.
  6448 | D:8      | Reached XP level 10. HP: 71/94 MP: 9/9
  6450 | D:8      | Reached skill level 8 in Armour
  6558 | D:8      | Reached skill level 12 in Axes
  6711 | D:8      | HP: 46/96 [komodo dragon (10)]
  6721 | D:8      | Identified the +6 hand axe of Eye-covered Guilt {speed,
                  | +Blink rCorr}
  6775 | D:8      | Found a staircase to the Lair.
  6786 | D:8      | Reached *** piety under Makhleb
  7008 | D:9      | Found Sosmaq's Assorted Antiques.
  7146 | D:9      | Noticed a gargoyle
  7148 | D:9      | Killed a gargoyle
  7149 | D:9      | Reached skill level 8 in Fighting
  7149 | D:9      | Noticed a two-headed ogre
  7153 | D:9      | Noticed a purple ugly thing
  7155 | D:9      | Killed a two-headed ogre
  7156 | D:9      | Reached skill level 13 in Axes
  7156 | D:9      | Reached skill level 9 in Armour
  7159 | D:9      | Killed a purple ugly thing
  7164 | D:9      | Reached XP level 11. HP: 92/104 MP: 10/10
  7381 | D:9      | Found a staircase to the Orcish Mines.
  7389 | D:9      | Reached **** piety under Makhleb
  7496 | D:9      | Identified the +9 great sword "Leymeesi" {vorpal, *Slow
                  | rPois rN+ Will++}
  7835 | D:10     | Entered Level 10 of the Dungeon
  7835 | D:10     | Found a snail-covered altar of Cheibriados.
  7883 | D:10     | Noticed Psyche
  7886 | D:10     | Killed Psyche
  7952 | D:10     | Found a blossoming altar of Fedhas.
  7955 | D:10     | Found a stormy altar of Qazlal.
  8010 | D:10     | Found Zayc Kubb's Gadget Gallery.
  8076 | D:10     | Noticed a centaur warrior
  8081 | D:10     | Killed a centaur warrior
  8082 | D:10     | Reached skill level 9 in Fighting
  8082 | D:10     | Reached skill level 14 in Axes
  8082 | D:10     | Reached skill level 10 in Armour
  8442 | Lair:1   | Entered Level 1 of the Lair of Beasts
  8581 | Orc:1    | Entered Level 1 of the Orcish Mines
  8618 | Orc:1    | Found Hibeump's Antique Weapon Shop.
  8666 | Orc:1    | Found Hukur's Armour Shoppe.
  8674 | Orc:1    | Bought a +0 pair of boots for 67 gold pieces
  8698 | Orc:1    | Found Buagirem's Magic Scroll Shoppe.
  8720 | Orc:1    | Bought a scroll of identify for 32 gold pieces
  8720 | Orc:1    | Bought a scroll of identify for 32 gold pieces
  8720 | Orc:1    | Bought a scroll of identify for 32 gold pieces
  8720 | Orc:1    | Bought a scroll of identify for 32 gold pieces
  8720 | Orc:1    | Bought a scroll of identify for 32 gold pieces
  8748 | Orc:1    | Found Xisola's Antique Weapon Shoppe.
  8835 | Orc:1    | Found Ledghyd's Antique Weapon Boutique.
  8879 | Orc:2    | Entered Level 2 of the Orcish Mines
  9040 | Orc:2    | Noticed an orc sorcerer
  9043 | Orc:2    | Noticed an orc knight
  9043 | Orc:2    | Noticed an orc high priest
  9056 | Orc:2    | Noticed an orc warlord
  9064 | Orc:2    | Killed an orc high priest
  9064 | Orc:2    | Reached ***** piety under Makhleb
  9065 | Orc:2    | Noticed an orc sorcerer
  9067 | Orc:2    | Killed an orc sorcerer
  9068 | Orc:2    | Reached XP level 12. HP: 97/115 MP: 11/11
  9073 | Orc:2    | Killed an orc warlord
  9073 | Orc:2    | Noticed an orc high priest
  9074 | Orc:2    | Reached skill level 15 in Axes
  9077 | Orc:2    | Noticed an orc high priest
  9086 | Orc:2    | Reached skill level 11 in Armour
  9097 | Orc:2    | Killed an orc high priest
  9104 | Orc:2    | HP: 55/116 [orc high priest/divine providence (14)]
  9104 | Orc:2    | Noticed an orc high priest
  9105 | Orc:2    | Reached skill level 10 in Fighting
  9109 | Orc:2    | HP: 56/116 [orc high priest/divine providence (14)]
  9116 | Orc:2    | HP: 41/116 [orc warrior (21)]
  9120 | Orc:2    | Killed an orc high priest
  9127 | Orc:2    | HP: 58/116 [ice devil[an orc high priest] (8)]
  9135 | Orc:2    | HP: 27/116 [orc high priest/divine providence (7)]
  9136 | Orc:2    | Killed an orc high priest
  9236 | Orc:2    | Found a staircase to the Elven Halls.
  9471 | D:4      | Bought the +1 plate armour of Shadows and Fog {-Cast rPois
                  | rF+++ Will+} for 800 gold pieces
 10120 | Orc:2    | Found Othroc's General Store.
 10121 | Orc:2    | Found Husifal's Jewellery Emporium.
 10123 | Orc:2    | Found Ninyukef's Antique Armour Shoppe.
 10123 | Orc:2    | Found Jintobb's Antique Weapon Shoppe.
 10128 | Orc:2    | Bought a pair of runed boots for 187 gold pieces
 10166 | Orc:2    | Reached skill level 16 in Axes
 10695 | Lair:1   | Reached XP level 13. HP: 114/124 MP: 11/11
 10702 | Lair:1   | Reached ****** piety under Makhleb
 10708 | Lair:1   | Reached skill level 12 in Armour
 11184 | Lair:2   | Found a staircase to the Snake Pit.
 11200 | Lair:2   | Found an ornate altar of the Wu Jian Council.
 11205 | Lair:2   | Found a hide-covered altar of Uskayaw.
 11296 | Lair:2   | Found a shimmering altar of Xom.
 11842 | Lair:3   | Reached skill level 11 in Fighting
 11889 | Lair:3   | Reached skill level 17 in Axes
 12031 | Lair:3   | Found a staircase to the Swamp.
 12590 | Lair:4   | Identified the +3 hat of Lifelessness {Harm *Corrode Str+2}
 12801 | D:9      | Bought a dented cabochon amulet for 110 gold pieces
 13602 | Lair:5   | Found a gate leading to a gauntlet.
 13615 | Gauntlet | Entered a Gauntlet
 13615 | Gauntlet | Found a transporter.
 13615 | Gauntlet | Found a transporter.
 13615 | Gauntlet | Found a runed translucent door.
 13615 | Gauntlet | Found a runed translucent door.
 13627 | Gauntlet | Found a transporter.
 13646 | Gauntlet | Found a transporter.
 13646 | Gauntlet | Found a transporter.
 13648 | Gauntlet | Found a transporter.
 13648 | Gauntlet | Found a transporter.
 13649 | Gauntlet | Found a transporter.
 13661 | Gauntlet | Found a transporter.
 13674 | Gauntlet | Found a runed translucent door.
 13678 | Gauntlet | Found a transporter.
 13680 | Gauntlet | Noticed a balrug
 13687 | Gauntlet | Found a transporter.
 13705 | Gauntlet | Found a transporter.
 13721 | Gauntlet | Found a transporter.
 13733 | Gauntlet | Found a transporter.
 13817 | Gauntlet | Reached skill level 13 in Armour
 13860 | Gauntlet | HP: 57/127 [balrug (19)]
 13862 | Gauntlet | Killed a balrug
 13932 | Gauntlet | Noticed a minotaur
 13943 | Gauntlet | Killed a minotaur
 14001 | Lair:5   | Gained mutation: You resist negative energy. (rN+) [Deep
                  | Dwarf growth]
 14001 | Lair:5   | Reached XP level 14. HP: 135/135 MP: 10/10
 14014 | Lair:5   | Found a runed translucent door.
 14015 | Lair:5   | Found a viscous altar of Jiyva.
 14016 | Lair:5   | Found a staircase to the Slime Pits.
 14144 | Lair:5   | Reached skill level 18 in Axes
 14790 | Lair:6   | Entered Level 6 of the Lair of Beasts
 14790 | Lair:6   | Found a glowing silver altar of Zin.
 15259 | Lair:6   | Reached skill level 12 in Fighting
 15434 | Lair:6   | Found a large runed translucent door.
 15435 | Lair:6   | Found a large runed translucent door.
 16151 | D:4      | Bought a +0 pair of gloves of strength for 126 gold pieces
 16290 | D:9      | Bought a scroll of enchant armour for 165 gold pieces
 16290 | D:9      | Bought an onyx ring for 110 gold pieces
 16418 | D:4      | Killed PeterLawrence's ghost
 16419 | D:4      | Reached skill level 19 in Axes
 17128 | D:11     | Reached skill level 14 in Armour
 17169 | D:11     | Reached skill level 4 in Dodging
 17501 | D:11     | Found a portal to a secret trove of treasure.
 17532 | D:11     | Reached XP level 15. HP: 82/146 MP: 11/11
 17606 | D:11     | Found a basalt altar of Yredelemnul.
 17816 | D:12     | HP: 70/146 [gargoyle/stone arrow (12)]
 17854 | D:12     | HP: 68/146 [unseen horror (2)]
 17885 | D:12     | HP: 68/146 [boulder beetle (10)]
 17894 | D:12     | HP: 54/146 [orc knight (13)]
 17970 | D:12     | Noticed Fannar
 17979 | D:12     | Killed Fannar
 17994 | D:12     | Found a runed translucent gate.
 17995 | D:12     | Found a runed translucent gate.
 17996 | D:12     | Found a runed translucent gate.
 17996 | D:12     | Noticed Nikola2751's ghost (journeyman HOFi)
 18030 | D:12     | Reached skill level 5 in Dodging
 18158 | D:12     | Identified the +3 plate armour of the Circus Animal {rCorr
                  | Str+7}
 18353 | D:12     | HP: 71/146 [Nikola2751's ghost (19)]
 18363 | D:12     | Killed Nikola2751's ghost
 18364 | D:12     | HP: 68/146 [ten-headed hydra (3)]
 18369 | D:12     | HP: 71/146 [ten-headed hydra (1)]
 18386 | D:12     | Identified the ring "Tisuohecre" {Fly rF- rN+++ SInv
                  | Stlth-}
 18388 | D:12     | Identified a scroll of acquirement
 18389 | D:12     | Acquired 892 gold pieces
 18431 | D:13     | Identified the +1 chain mail of Nyfifoef {rElec rC+}
 18506 | D:13     | Noticed Urug
 18509 | D:13     | Killed Urug
 18572 | D:13     | Noticed Kirke
 18586 | D:13     | Killed Kirke
 18593 | D:13     | Found a gate to the Vaults.
 18612 | D:13     | Noticed Maurice
 18624 | D:13     | Reached skill level 20 in Axes
 18674 | D:13     | Noticed Erolcha
 18681 | D:13     | Killed Erolcha
 18682 | D:13     | Reached skill level 13 in Fighting
 18705 | D:13     | You fall into a shaft and drop 2 floors!
 18705 | D:15     | Entered Level 15 of the Dungeon
 18735 | D:15     | Reached skill level 15 in Armour
 18850 | D:13     | Found Vossyfupp's Assorted Antiques.
 18856 | D:13     | Bought a coral ring for 140 gold pieces
 18856 | D:13     | Bought a tiny lapis lazuli amulet for 140 gold pieces
 18937 | D:13     | Found Maymukh's Assorted Antiques.
 18943 | D:13     | Bought a potion of might for 136 gold pieces
 18943 | D:13     | Bought a scroll of teleportation for 102 gold pieces
 18943 | D:13     | Bought a potion of curing for 102 gold pieces
 18968 | D:13     | Found Ythrateme's Weapon Shoppe.
 19134 | D:13     | Found a sacrificial altar of Ru.
 19160 | D:13     | Found Ykextarr's Antique Armour Shoppe.
 19166 | D:13     | Bought a pair of glowing boots for 187 gold pieces
 19315 | D:13     | Killed Maurice
 19589 | D:14     | Found a transporter.
 19594 | D:14     | Noticed Totusom's ghost (journeyman MiFi)
 19598 | D:14     | Found a bloodstained altar of Trog.
 19651 | D:14     | Acquired 1256 gold pieces
 20012 | D:14     | Found a transporter.
 20147 | D:14     | Identified the +4 pair of boots of Refuge {Rampage Fly rC-
                  | Int+5}
 20473 | D:14     | Learned a level 8 spell: Necromutation
 20666 | Orc:1    | Bought a scroll of acquirement for 832 gold pieces
 20666 | Orc:1    | Bought a scroll of teleportation for 48 gold pieces
 20666 | Orc:1    | Bought a scroll of teleportation for 48 gold pieces
 20666 | Orc:1    | Bought a scroll of teleportation for 48 gold pieces
 20666 | Orc:1    | Bought a scroll of magic mapping for 56 gold pieces
 20666 | Orc:1    | Acquired 1366 gold pieces
 20704 | Orc:2    | Bought a scroll of enchant weapon for 112 gold pieces
 20739 | Orc:1    | Bought a glowing battleaxe for 256 gold pieces
 20889 | D:13     | Bought a scroll of enchant armour for 210 gold pieces
 20889 | D:13     | Bought a scroll of enchant armour for 210 gold pieces
 20977 | D:9      | Bought a scroll of teleportation for 66 gold pieces
 20977 | D:9      | Bought a scroll of teleportation for 66 gold pieces
 21104 | D:4      | Bought a potion of curing for 33 gold pieces
 21104 | D:4      | Bought a potion of curing for 33 gold pieces
 21104 | D:4      | Bought a potion of haste for 110 gold pieces
 21346 | D:15     | Reached XP level 16. HP: 126/158 MP: 10/10
 21687 | D:15     | Reached skill level 1 in Spellcasting
 21691 | D:15     | Found a staircase to the Depths.
 22083 | Swamp:1  | Entered Level 1 of the Swamp
 22100 | Swamp:1  | Reached skill level 14 in Fighting
 22105 | Swamp:1  | Reached skill level 16 in Armour
 22105 | Swamp:1  | Reached skill level 2 in Spellcasting
 22258 | Swamp:1  | Reached skill level 3 in Spellcasting
 22530 | Swamp:2  | HP: 78/159 [swamp dragon (9)]
 22588 | Swamp:2  | Noticed Frances
 22603 | Swamp:2  | HP: 68/160 [ghoul (17)]
 22608 | Swamp:2  | HP: 57/160 [ghoul (16)]
 22638 | Swamp:2  | Killed Frances
 22639 | Swamp:2  | Reached skill level 4 in Spellcasting
 23166 | Swamp:3  | Reached skill level 5 in Spellcasting
 23456 | Swamp:4  | Entered Level 4 of the Swamp
 23456 | Swamp:4  | Noticed a tentacled monstrosity
 23464 | Swamp:4  | Killed a tentacled monstrosity
 23465 | Swamp:4  | Reached skill level 17 in Armour
 23513 | Swamp:4  | Noticed a thorn hunter
 23523 | Swamp:4  | Reached XP level 17. HP: 165/168 MP: 17/17
 23528 | Swamp:4  | Reached skill level 15 in Fighting
 23532 | Swamp:4  | Reached skill level 6 in Spellcasting
 23574 | Swamp:4  | HP: 83/170 [vampire knight (21)]
 23579 | Swamp:4  | HP: 52/170 [briar patch's spines[a thorn hunter] (7)]
 23598 | Swamp:4  | HP: 81/170 [bunyip[a spriggan druid] (5)]
 23614 | Swamp:4  | HP: 71/170 [thorn hunter/volley of thorns (1)]
 23677 | Swamp:4  | Paralysed by a hornet for 2 turns
 23764 | Swamp:4  | Found a blossoming altar of Fedhas.
 23774 | Swamp:4  | Reached skill level 7 in Spellcasting
 23803 | Swamp:4  | HP: 80/170 [oklob plant/splash of acid (9)]
 23813 | Swamp:4  | HP: 80/170 [oklob plant/splash of acid (2)]
 23898 | Swamp:4  | Found a basalt altar of Yredelemnul.
 23911 | Swamp:4  | Identified the +2 leather armour of Follow the Leader {rF+}
 23917 | Swamp:4  | Got a decaying rune of Zot
 24183 | Snake:1  | Entered Level 1 of the Snake Pit
 24190 | Snake:1  | Identified the amulet of Gihax {RegenMP Will- Regen+ Dex+5}
 24614 | Snake:2  | Noticed Vashnia
 24646 | Snake:2  | Killed Vashnia
 24685 | Snake:2  | Reached skill level 6 in Dodging
 24729 | Snake:2  | Reached skill level 18 in Armour
 24806 | Snake:2  | Reached skill level 8 in Spellcasting
 24926 | Snake:2  | Reached skill level 7 in Dodging
 25043 | Snake:2  | Gained mutation: You passively map a large area around you.
                  | [Deep Dwarf growth]
 25043 | Snake:2  | Reached XP level 18. HP: 154/181 MP: 19/19
 25400 | Snake:2  | Reached skill level 16 in Fighting
 25548 | Snake:2  | Learned a level 4 spell: Dispel Undead
 25709 | Snake:3  | Found Mukalele's Antique Weapon Shop.
 25717 | Snake:3  | Found Zakhuplo's Weapon Shoppe.
 25733 | Snake:3  | Noticed Saint Roka
 25749 | Snake:3  | Reached skill level 8 in Dodging
 25757 | Snake:3  | HP: 85/181 [Saint Roka/divine providence (12)]
 25763 | Snake:3  | Killed Saint Roka
 25767 | Snake:3  | HP: 80/181 [naga warrior (5)]
 25864 | Snake:3  | Found Wocs's Assorted Antiques.
 25867 | Snake:3  | Bought a potion of curing for 69 gold pieces
 25867 | Snake:3  | Bought a wand of digging (3) for 184 gold pieces
 25882 | Snake:3  | Found a large runed translucent door.
 25882 | Snake:3  | Found a large runed translucent door.
 25884 | Snake:3  | Noticed anonymous's ghost (adept NaFi)
 25929 | Snake:3  | HP: 86/181 [naga sharpshooter/bolt (16)]
 25931 | Snake:3  | Reached skill level 9 in Spellcasting
 25934 | Snake:3  | HP: 73/181 [naga sharpshooter/bolt (19)]
 25939 | Snake:3  | HP: 49/181 [naga warrior (1)]
 26055 | Snake:3  | Found Xykleena's General Store.
 26064 | Snake:3  | Bought a potion of resistance for 140 gold pieces
 26723 | Snake:3  | HP: 72/182 [anonymous's ghost (13)]
 26725 | Snake:3  | Killed anonymous's ghost
 26776 | Snake:4  | Entered Level 4 of the Snake Pit
 26789 | Snake:4  | Reached skill level 9 in Dodging
 26806 | Snake:4  | HP: 90/183 [naga warrior (2)]
 26844 | Snake:4  | HP: 88/183 [salamander/arrow (12)]
 26863 | Snake:4  | HP: 89/183 [shock serpent (4)]
 26944 | Snake:4  | HP: 73/183 [naga mage/bolt of poison (3)]
 26965 | Snake:3  | HP: 83/183 [sea snake (4)]
 26981 | Snake:4  | HP: 70/183 [anaconda (5)]
 27006 | Snake:4  | HP: 88/183 [naga sharpshooter/arrow (12)]
 27012 | Snake:4  | HP: 73/183 [naga sharpshooter/arrow (6)]
 27143 | Snake:4  | Noticed Aizul
 27160 | Snake:4  | Killed Aizul
 27390 | Snake:4  | Reached skill level 10 in Dodging
 27390 | Snake:4  | theanonym: ??mp
 27390 | Snake:4  | beem: mp[1/3]: Cast spells with this. MP = floor(min(23,
                  | XL) + skill + min(4, min(XL, skill) / 2)), where skill =
                  | max(Spellcasting, Invo/2). Basically, MP = XL + skill,
                  | except that the last 4 XL's mp points effectively get
                  | distributed over the first 8 XL, but only if you have
                  | matching quantities of skill.
 27406 | Snake:4  | Reached skill level 1 in Invocations
 27411 | Snake:4  | Reached skill level 2 in Invocations
 27417 | Snake:4  | HP: 91/183 [nagaraja (14)]
 27428 | Snake:4  | HP: 89/183 [naga warrior (10)]
 27576 | Snake:4  | Reached skill level 3 in Invocations
 27600 | Snake:4  | Got a serpentine rune of Zot
 28355 | Elf:1    | Entered Level 1 of the Elven Halls
 28367 | Elf:1    | Reached skill level 4 in Invocations
 28376 | Elf:1    | Reached XP level 19. HP: 160/190 MP: 16/16
 28558 | Elf:1    | Paralysed by an air elemental for 1 turns
 28586 | Elf:1    | Reached skill level 17 in Fighting
 28586 | Elf:1    | Reached skill level 5 in Invocations
 28656 | Elf:1    | HP: 89/185 [+2 long sword of draining (11)]
 28662 | Elf:1    | HP: 67/178 [+2 long sword of draining (3)]
 28664 | Elf:1    | Reached skill level 11 in Dodging
 28670 | Elf:1    | HP: 71/180 [deep elf knight/shard of ice (8)]
 28695 | Elf:1    | Reached skill level 6 in Invocations
 28758 | Elf:1    | HP: 91/187 [deep elf archer (8)]
 28771 | Elf:1    | HP: 90/188 [deep elf archer/arrow (7)]
 28921 | Elf:1    | HP: 96/193 [deep elf knight/shard of ice (12)]
 29348 | Elf:2    | Reached skill level 7 in Invocations
 29387 | Elf:2    | HP: 88/193 [deep elf zephyrmancer/bolt of lightning (16)]
 29401 | Elf:2    | HP: 94/193 [+0 falchion (2)]
 29532 | Elf:2    | HP: 91/193 [deep elf archer (15)]
 29598 | Elf:2    | HP: 86/189 [orc sorcerer/bolt of negative energy (8)]
 29603 | Elf:2    | Reached skill level 8 in Invocations
 29735 | Elf:2    | Found a runed translucent gate.
 29736 | Elf:2    | Found a runed translucent gate.
 29736 | Elf:2    | Found a runed translucent gate.
 29796 | Elf:2    | HP: 96/192 [something (11)]
 29805 | Elf:2    | HP: 93/193 [+1 halberd of freezing (9)]
 30051 | Elf:2    | Reached skill level 12 in Dodging
 30155 | Elf:2    | HP: 74/193 [deep elf zephyrmancer/bolt of lightning (26)]
 30164 | Elf:2    | HP: 88/193 [+4 scimitar of holy wrath collision (4)]
 30165 | Elf:2    | Reached skill level 9 in Invocations
 30180 | Elf:2    | HP: 90/193 [+2 executioner's axe of draining (28)]
 30386 | Elf:3    | Entered Level 3 of the Elven Halls
 30679 | Elf:3    | HP: 93/194 [deep elf sorcerer/bolt of acid (19)]
 30686 | Elf:3    | HP: 93/194 [deep elf elementalist (5)]
 30689 | Elf:3    | HP: 31/194 [deep elf annihilator/crystal spear (22)]
 30691 | Elf:3    | HP: 3/194 [deep elf annihilator/bolt of lightning (35)]
 30692 | Elf:3    | Killed from afar by a deep elf annihilator

Vanquished Creatures
  Vashnia (Snake:2)
  Saint Roka (Snake:3)
  The ghost of anonymous the Spear-Bearer, an adept NaFi of Cheibriados (Snake:3)
  A tentacled monstrosity (Swamp:4)
  Kirke (D:13)
  Frances (Swamp:2)
  4 thorn hunters (Swamp:4)
  2 fenstrider witches
  8 nagarajas
  3 deep elf sorcerers
  A balrug (Gauntlet)
  An orc warlord (Orc:2)
  Aizul (Snake:4)
  6 ghouls
  4 deep elf elementalists (Elf:3)
  2 vampire knights (Swamp:4)
  A minotaur (Gauntlet)
  3 deep elf annihilators
  5 bunyips
  3 eleionomae
  A fire dragon (Lair:6)
  The ghost of Nikola2751 the Cleaver, a journeyman HOFi of Hepliaklqana (D:12)
  2 shambling mangroves (Swamp:4)
  A deep elf high priest (Elf:3)
  Fannar (D:12)
  17 naga warriors
  3 boulder beetles
  A spriggan air mage (Swamp:4)
  4 ghost crabs
  28 hydras
  7 anacondas
  4 vault guards (D:13)
  Erolcha (D:13)
  A salamander tyrant (Snake:3)
  10 centaur warriors
  2 two-headed ogres
  9 alligators
  22 dancing weapons
  22 naga sharpshooters
  3 shock serpents
  17 deep elf knights
  Urug (D:13)
  4 orc high priests (Orc:2)
  3 salamander mystics
  2 skeletal warriors
  4 sea snakes
  5 goliath frogs
  3 spriggan druids
  4 bog bodies
  3 spectral hydras (Swamp:4)
  7 swamp dragons
  A flayed ghost (Swamp:4)
  A wizard (D:11)
  5 orc knights
  16 deep elf archers
  An obsidian statue (D:13)
  3 naga ritualists
  A lindwurm (Lair:6)
  A mana viper (shapeshifter) (D:15)
  14 ugly things
  A wolf spider (D:15)
  25 deep elf zephyrmancers
  4 orc sorcerers
  28 deep elf pyromancers
  3 oklob plants (Swamp:4)
  12 mana vipers
  4 manticores
  6 cyclopes
  A salamander (shapeshifter) (D:14)
  14 salamanders
  A will-o-the-wisp (Swamp:3)
  A moth of wrath (Gauntlet)
  A guardian serpent (shapeshifter) (D:13)
  7 guardian serpents
  26 black mambas
  3 elephants (Lair:4)
  Maurice (D:13)
  17 naga magi
  7 molten gargoyles
  3 gargoyles
  2 torpor snails
  11 cane toads
  2 kobold demonologists (D:13)
  An efreet (D:11)
  An unseen horror (D:12)
  Psyche (D:10)
  11 komodo dragons
  2 freezing wraiths (Swamp:4)
  A komodo dragon (shapeshifter) (Elf:2)
  2 hydra zombies (Swamp:4)
  6 meliai (D:15)
  5 trolls
  A polar bear (Lair:4)
  3 death drake zombies (Swamp:4)
  12 hornets
  A bloated husk (Swamp:2)
  7 tyrant leeches
  16 blink frogs
  A death drake skeleton (Swamp:4)
  13 slime creatures
  6 dream sheep (Lair:5)
  An air elemental (Elf:1)
  2 redbacks (Gauntlet)
  2 shadows
  4 water elementals
  2 vampires
  66 yaks
  7 spriggans
  6 wyverns
  4 wraiths
  The ghost of PeterLawrence the Cudgeller, an amateur MiFi (D:4)
  11 basilisks
  A fire bat (shapeshifter) (D:15)
  4 fire elementals
  7 hogs (D:13)
  3 steam dragons
  9 vampire mosquitoes
  15 swamp worms
  A warg (Snake:3)
  37 nagas
  An acid dragon (D:9)
  3 hydra simulacra (Swamp:4)
  4 hell hounds
  13 water moccasins
  4 swamp drakes
  An ice beast (D:7)
  39 orc warriors
  2 sky beasts
  The ghost of anonymous the Skirmisher, an amateur NaFi (D:6)
  A black bear (D:5)
  2 hornet zombies (D:8)
  8 ogres
  2 swamp dragon zombies (Swamp:4)
  24 wolves
  5 necrophages
  A phantom (D:5)
  9 centaurs
  11 kobold brigands
  3 gnoll sergeants (D:9)
  16 bullfrogs
  5 earth elementals
  5 scorpions
  A water moccasin skeleton (D:5)
  7 killer bees
  8 electric eels
  9 wights
  5 howler monkeys
  7 centaur zombies
  A bullfrog zombie (D:6)
  5 lava snakes (Lair:6)
  3 jellies
  22 orc priests
  Jessica (D:2)
  A bullfrog skeleton (D:4)
  2 iguanas
  26 orc wizards
  A killer bee zombie (D:7)
  2 hound zombies (D:5)
  A hound skeleton (D:5)
  A howler monkey zombie (D:9)
  Robin (D:2)
  4 gnolls
  16 adders
  4 river rats (Sewer)
  An ufetubus (D:4)
  4 worms
  2 dart slugs
  76 orcs
  7 bats
  10 endoplasms
  2 giant cockroaches
  21 goblins
  10 hobgoblins
  11 jackals
  6 quokkas
  17 ball pythons
  5 frilled lizards
  27 kobolds
  30 rats
  5 briar patches (Swamp:4)
  2 bushes
  A butterfly (Lair:5)
1264 creatures vanquished.

Vanquished Creatures (collateral kills)
  A hydra skeleton (Swamp:4)
  An orc warrior (Orc:2)
  A swamp drake (Swamp:4)
  2 orc priests (Orc:2)
  2 orcs (Orc:2)
7 creatures vanquished.

Vanquished Creatures (others)
  An ogre mage (D:11)
  A deep elf zephyrmancer (Elf:1)
  A naga mage (Snake:2)
  2 bloated husks
  An orc (Orc:2)
  3 briar patches (Swamp:4)
  6 foxfires (Swamp:3)
  13 fungi
  49 plants
77 creatures vanquished.

Grand Total: 1348 creatures vanquished

Table legend: (Time is in decaauts)
 A = Elapsed time spent in this place.
 B = Non-inter-level travel time spent in this place.
 C = Inter-level travel time spent in this place.
 D = Time resting spent in this place.
 E = Time spent auto-exploring this place.
 F = Levels seen in this place.
 G = Mean time per level.
                   A        B        C        D        E       F      G
               +--------+--------+--------+--------+--------+-----+--------+
         Total |  30323 |  25273 |   5050 |    404 |  19314 |  37 |  819.5 |
       Dungeon |  14755 |  11364 |   3391 |     85 |   9037 |  15 |  983.7 |
        Temple |    117 |    111 |      6 |      0 |    106 |   1 |  117.0 |
          Lair |   5465 |   4513 |    952 |      0 |   3816 |   6 |  910.8 |
         Swamp |   1898 |   1755 |    143 |      0 |   1213 |   4 |  474.5 |
     Snake Pit |   3684 |   3483 |    201 |    113 |   2540 |   4 |  921.0 |
  Orcish Mines |   1408 |   1162 |    246 |    100 |    788 |   2 |  704.0 |
   Elven Halls |   2193 |   2083 |    110 |    106 |   1433 |   3 |  731.0 |
         Sewer |    419 |    419 |      0 |      0 |    186 |   1 |  419.0 |
      Gauntlet |    380 |    380 |      0 |      0 |    193 |   1 |  380.0 |
               +--------+--------+--------+--------+--------+-----+--------+

Top non-repeatable levels by time:
     D:6: 1986 daAuts
     D:8: 1560 daAuts
     D:4: 1437 daAuts
     D:9: 1396 daAuts
    D:14: 1229 daAuts
 Snake:3: 1178 daAuts
 Snake:4: 1112 daAuts
  Lair:6: 1070 daAuts
   Orc:2: 993 daAuts
     D:5: 993 daAuts
  Lair:1: 973 daAuts
   Elf:2: 957 daAuts
  Lair:4: 949 daAuts
 Snake:2: 947 daAuts
   Elf:1: 930 daAuts
